 Dungeon Crawl Stone Soup version 0.21-a0-504-g2eda330 (webtiles) character file.

12146 esteth the Grappler (level 11, 0/113 HPs)
             Began as a Troll Monk on Nov 25, 2017.
             Was a High Priest of Wu Jian.
             Slain by Snorg (13 damage)
             ... on level 10 of the Dungeon.
             The game lasted 00:29:16 (9316 turns).

esteth the Grappler (Troll Monk)                    Turns: 9316, Time: 00:29:17

Health: 0/113      AC:  7    Str: 26 (27) XL:     11   Next: 58%
Magic:  0/10       EV: 12    Int:  6      God:    Wu Jian [*****.]
Gold:   495        SH:  0    Dex: 13      Spells: 10/10 levels left

rFire    . . .     SeeInvis .     - Unarmed
rCold    . . .     Gourm    +   (no shield)
rNeg     . . .     Faith    .   T - +2 robe
rPois    .         Spirit   +   (helmet restricted)
rElec    .         Reflect  .   (no cloak)
rCorr    .         Harm     .   (gloves unavailable)
MR       .....                  (boots unavailable)
Stlth    ++........             K - amulet of guardian spirit
HPRegen  0.68/turn              r - +4 ring of strength
MPRegen  0.12/turn              B - ring of stealth

@: drained
A: large, unfitting armour, claws 3, fast metabolism 3, gourmand, regeneration
1, shaggy fur 1, tough skin 2
a: Serpent's Lash, Heavenly Storm, Renounce Religion


You were on level 10 of the Dungeon.
You worshipped Wu Jian.
Wu Jian was extremely pleased with you.
You were very full.

You visited 2 branches of the dungeon, and saw 11 of its levels.
You also visited: Sewer.

You collected 495 gold pieces.

Inventory:

Armour
 a - a +0 robe
 k - a +0 robe
 T - a +2 robe (worn)
Magical Staves
 D - an uncursed staff of wizardry
Jewellery
 r - a +4 ring of strength (left claw)
 B - a ring of stealth (right claw)
 K - an amulet of guardian spirit (around neck)
 L - an uncursed ring of positive energy
 R - the ring "Wamapegg" {MR+ Str+2 Int-5 SInv}
   (You found it on level 9 of the Dungeon)

   [ring of protection from magic]

   It affects your strength (+2).
   It affects your intelligence (-5).
   It affects your resistance to hostile enchantments.
   It lets you see invisible.
Wands
 v - a wand of polymorph (3)
 z - a wand of disintegration (9)
 G - a wand of paralysis (12)
 O - a wand of random effects (28)
Scrolls
 j - 2 scrolls of noise {unknown}
 m - 4 scrolls of fog {unknown}
 o - 6 scrolls of immolation
 q - 8 scrolls of teleportation
 s - a scroll of identify
 u - 4 scrolls of remove curse
 y - 3 scrolls of magic mapping {unknown}
 H - 2 scrolls of amnesia {unknown}
 I - a scroll of fear {unknown}
 N - a scroll of blinking {unknown}
 Q - a scroll of enchant weapon {unknown}
Potions
 c - 3 potions of degeneration
 d - 2 potions of invisibility
 e - 3 potions of ambrosia {unknown}
 f - 5 potions of curing
 h - a potion of magic {unknown}
 i - 2 potions of agility {unknown}
 l - 6 potions of lignification {unknown}
 p - 3 potions of brilliance {unknown}
 t - 2 potions of flight {unknown}
 A - 2 potions of berserk rage {unknown}
 E - 2 potions of heal wounds {unknown}
 F - 2 potions of might {unknown}
 J - 3 potions of mutation {unknown}
 P - a potion of experience {unknown}
Books
 x - a book of Maledictions

   Spells                             Type                      Level
   a - Corona                         Hexes                        1
   b - Ensorcelled Hibernation        Hexes/Ice                    2
   c - Confuse                        Hexes                        3
   d - Tukima's Dance                 Hexes                        3
   e - Dazzling Spray                 Conjuration/Hexes            3
 C - a book of Geomancy

   Spells                             Type                      Level
   a - Sandblast                      Earth                        1
   b - Passwall                       Transmutation/Earth          2
   c - Stone Arrow                    Conjuration/Earth            3
   d - Petrify                        Transmutation/Earth          4
   e - Lee's Rapid Deconstruction     Earth                        5
 M - a book of Changes

   Spells                             Type                      Level
   a - Beastly Appendage              Transmutation                1
   b - Sticks to Snakes               Transmutation                2
   c - Spider Form                    Transmutation/Poison         3
   d - Ice Form                       Ice/Transmutation            4
   e - Blade Hands                    Transmutation                5
 U - a book of Cantrips

   Spells                             Type                      Level
   a - Confusing Touch                Hexes                        1
   b - Animate Skeleton               Necromancy                   1
   c - Summon Small Mammal            Summoning                    1
   d - Apportation                    Translocation                1
Comestibles
 b - 10 bread rations
 g - 4 meat rations
 n - 3 royal jellies
 w - 5 fruits


   Skills:
 - Level 8.9(8.5) Fighting
 + Level 4.4(4.0) Armour
 - Level 6.0(5.6) Dodging
 - Level 1.0(0.7) Stealth
 + Level 13.1(12.7) Unarmed Combat


You had 10 spell levels left.
You didn't know any spells.

Dungeon Overview and Level Annotations

Branches:
Dungeon (10/15)            Temple (1/1) D:6            Lair (0/6) D:10
    Orc (0/2) D:9

Altars:
Ashenzari
Cheibriados
Dithmenos
Elyvilon
Fedhas
Gozag
Hepliaklqana
Kikubaaqudgha
Makhleb
Nemelex Xobeh
Okawaru
Qazlal
Ru
Sif Muna
Trog
Uskayaw
Vehumet
Wu Jian
Xom
Yredelemnul
Zin
The Shining One

Shops:
D:8 ![?

Annotations:
D:10 Snorg


Innate Abilities, Weirdness & Mutations

You are too large for most types of armour.
You have claws for hands.
Your metabolism is lightning-fast.
You like to eat raw meat.
Your natural rate of healing is unusually fast.
You are covered in fur. (AC +1)
You have very tough skin. (AC +2)


Message History

Snorg bites you but does no damage. Snorg claws you but does no damage.
Snorg claws you!!
Snorg rages.
Snorg barely misses you. Snorg claws you. Snorg claws you! Snorg bites you.
Snorg completely misses you. Snorg claws you!
You repeatedly attack Snorg from above.
You mangle Snorg!! Your claw misses Snorg.
Snorg is moderately wounded.
You closely miss Snorg.
Snorg is moderately wounded.
You scratch Snorg but do no damage.
Snorg is moderately wounded.
Snorg bites you!
Snorg closely misses you. x2; Snorg bites you!!
* * * LOW HITPOINT WARNING * * *
Snorg barely misses you. Snorg claws you.
* * * LOW HITPOINT WARNING * * *
Snorg bites you!!
* * * LOW HITPOINT WARNING * * *
Snorg closely misses you. Snorg claws you!
You die...

#.. ...###.#.# #.#
.......#'## #.#
##...##
#.##########.....##
#[##....§.........##
##.#...≈≈§..........#
.(.)..≈§≈§≈§..).....+
##.#..≈≈..≈§§..§§§..#
......≈≈.§.≈§§.§@§.##
.......≈≈.§≈≈§.§T§##
..(....≈≈§§§§.>..##
........≈§≈§...+##
..........§§....#
##>######.#####.#
##.## #.# ##.## #...#
#.####.÷.#### #...#
#...).......#


You could see Snorg (berserk).

Vanquished Creatures
  Erica (D:9)
  The ghost of Typee the Destroyer, a journeyman OpVM of Sif Muna (D:10)
  2 two-headed ogres
  Nergalle (D:10)
  A centaur zombie (D:10)
  Maurice (D:10)
  2 guardian serpents (D:10)
  A merfolk (D:9)
  A wyvern (D:9)
  Sigmund (D:3)
  7 yaks (D:9)
  A steam dragon (D:10)
  Menkaure (D:7)
  Duvessa (D:6)
  Purgy (Sewer)
  2 hell hounds (D:10)
  4 ice beasts
  3 sky beasts
  5 black bears
  A necrophage (D:9)
  5 ogres
  3 phantoms
  4 centaurs
  A gnoll sergeant (D:9)
  5 bullfrogs
  A wyvern zombie (D:6)
  2 scorpions
  20 killer bees
  Dowan (D:6)
  5 wights (D:10)
  5 howler monkeys
  A crimson imp (D:8)
  A bullfrog zombie (D:5)
  6 hounds
  A jelly (D:6)
  A gnoll shaman (D:6)
  5 orc priests
  5 bullfrog skeletons
  A centaur skeleton (D:10)
  Jessica (D:3)
  3 iguanas
  3 orc wizards
  3 worker ants
  A hound zombie (D:7)
  4 hound skeletons
  3 worker ant zombies
  22 gnolls
  13 adders
  2 shadow imps
  An ooze (D:3)
  An adder skeleton (D:9)
  2 worms (D:4)
  9 dart slugs
  7 leopard geckos
  37 orcs
  3 bats
  4 giant cockroaches
  4 goblins
  6 hobgoblins
  16 jackals
  2 quokkas
  3 ball pythons
  11 frilled lizards
  2 jackal skeletons
  8 kobolds
  A leopard gecko skeleton (D:4)
  A leopard gecko zombie (D:7)
  7 rats
291 creatures vanquished.

Notes
Turn   | Place    | Note
-------+----------+-------------------------------------------
     0 | D:1      | esteth the Troll Monk began the quest for the Orb.
     0 | D:1      | Reached XP level 1. HP: 22/22 MP: 0/0
    99 | D:1      | Reached XP level 2. HP: 28/29 MP: 1/1
  1040 | D:2      | Reached XP level 3. HP: 25/37 MP: 2/2
  1068 | D:2      | Reached skill level 4 in Unarmed Combat
  1373 | D:2      | Reached XP level 4. HP: 45/45 MP: 3/3
  1768 | D:3      | Noticed Sigmund
  1787 | D:3      | Killed Sigmund
  1787 | D:3      | Reached skill level 5 in Unarmed Combat
  1787 | D:3      | Reached XP level 5. HP: 47/54 MP: 4/4
  1787 | D:3      | Reached XP level 6. HP: 54/62 MP: 5/5
  1999 | D:3      | Noticed Jessica
  2002 | D:3      | Killed Jessica
  2396 | D:4      | Found an iron altar of Okawaru.
  2434 | D:4      | Reached skill level 6 in Unarmed Combat
  2443 | D:4      | Reached skill level 5 in Fighting
  2443 | D:4      | Reached XP level 7. HP: 64/72 MP: 6/6
  2949 | D:4      | Found a shimmering altar of Xom.
  2949 | D:4      | Found a sacrificial altar of Ru.
  2950 | D:4      | Found an ancient bone altar of Kikubaaqudgha.
  3178 | D:5      | Entered Level 5 of the Dungeon
  3317 | D:5      | Found a hide-covered altar of Uskayaw.
  3328 | D:5      | Reached skill level 7 in Unarmed Combat
  3407 | D:5      | Reached XP level 8. HP: 76/83 MP: 7/7
  3676 | D:5      | Found an opulent altar of Gozag.
  3911 | D:6      | Found a staircase to the Ecumenical Temple.
  3933 | Temple   | Entered the Ecumenical Temple
  4046 | Temple   | Became a worshipper of the Wu Jian Council
  4046 | Temple   | Reached * piety under Wu Jian
  4046 | Temple   | Reached ** piety under Wu Jian
  4106 | D:6      | Found a glowing drain.
  4115 | Sewer    | Entered a sewer
  4161 | Sewer    | Noticed Purgy
  4164 | Sewer    | Killed Purgy
  4265 | D:6      | Reached skill level 8 in Unarmed Combat
  4302 | D:6      | Noticed Dowan
  4317 | D:6      | Killed Dowan
  4334 | D:6      | Noticed Duvessa
  4354 | D:6      | Killed Duvessa
  4698 | D:6      | Reached XP level 9. HP: 71/93 MP: 8/8
  4871 | D:6      | Reached skill level 9 in Unarmed Combat
  5040 | D:7      | Noticed Menkaure
  5048 | D:7      | Killed Menkaure
  5152 | D:7      | Reached *** piety under Wu Jian
  5972 | D:8      | Found Amocez's Magic Scroll Shop.
  6055 | D:8      | Reached skill level 10 in Unarmed Combat
  6359 | D:8      | Noticed a two-headed ogre
  6368 | D:8      | Killed a two-headed ogre
  6479 | D:8      | Found Poluh's Antique Armour Boutique.
  6534 | D:8      | Reached XP level 10. HP: 92/106 MP: 7/9
  6660 | D:8      | Found Hesit's Distillery.
  7188 | D:9      | Noticed Erica
  7199 | D:9      | Killed Erica
  7235 | D:9      | Reached skill level 11 in Unarmed Combat
  7273 | D:9      | Reached **** piety under Wu Jian
  7438 | D:9      | HP: 5/106 [poisoned by a killer bee]
  7443 | D:9      | HP: 5/106 [poisoned by a killer bee]
  7449 | D:9      | HP: 5/106 [poisoned by a killer bee]
  7630 | D:9      | Found a staircase to the Orcish Mines.
  7804 | D:9      | Reached skill level 5 in Dodging
  7846 | D:9      | Got a vibrating golden ring
  7847 | D:9      | Identified the ring "Wamapegg" {MR+ Str+2 Int-5 SInv} (You found it on level 9 of the Dungeon)
  8104 | D:9      | Found a burning altar of Makhleb.
  8112 | D:9      | Reached skill level 12 in Unarmed Combat
  8160 | D:10     | Entered Level 10 of the Dungeon
  8175 | D:10     | Reached XP level 11. HP: 88/113 MP: 7/10
  8298 | D:10     | Noticed Maurice
  8301 | D:10     | Noticed a two-headed ogre
  8331 | D:10     | Killed Maurice
  8331 | D:10     | Reached skill level 1 in Armour
  8337 | D:10     | Killed a two-headed ogre
  8419 | D:10     | Noticed Typee's ghost (journeyman OpVM)
  8420 | D:10     | Found a staircase to the Lair.
  8445 | D:10     | Killed Typee's ghost
  8449 | D:10     | Reached ***** piety under Wu Jian
  8482 | D:10     | Noticed Nergalle
  8612 | D:10     | Killed Nergalle
  8869 | D:10     | Reached skill level 13 in Unarmed Combat
  9300 | D:10     | Noticed Snorg
  9316 | D:10     | Slain by Snorg

Vault maps used:
D:1:      shiori_arrival_elements, serial_corexii_hall, corexii_hall_statues_i,
          corexii_hall_statues_s, dk_noncrumbling_4
D:3:      kennysheep_slugbush, roderic_lattice_a, uniq_jessica, uniq_sigmund
D:4:      chequers_temple_overflow_statue_of_worship, st_stairs_11
D:5:      kennysheep_little_box, eat_drink_and_be_merry_uskayaw, first_bread
D:6:      minmay_temple_entry_mist, portal_sewer_entry_d, kennysheep_boxes,
          uniq_duvessa
D:7:      uniq_menkaure
D:8:      serial_shops, shop, shop, shop
D:9:      makhleb_blood_cavern_becter, orc_0_dummy, hangedman_fish_farm,
          uniq_erica
D:10:     nrook_guardian_serpent_snake_passage, minmay_lair_entry_lava,
          serial_aquarium, aquarium_bridge_square, aquarium_bridge_island_small,
          aquarium_window_corner, aquarium_window_corridor_3, aquarium_view_2c,
          serial_shops, nicolae_shop_trees, uniq_snorg, uniq_maurice,
          uniq_nergalle
Temple:   regret_index_temple_waves
Sewer:    sewer_co_purgy_island

Skill      XL: |  1  2  3  4  5  6  7  8  9 10 11 |
---------------+----------------------------------+-----
Fighting       | 3 4 5 6 7 8 |  8.9
Unarmed Combat | 4 5 6 7 8 10 12 13 | 13.1
Dodging        | 6 |  6.0
Armour         | 4 |  4.4
Stealth        | |  1.0

Action                   |  1- 3 |  4- 6 |  7- 9 | 10-12 || total
-------------------------+-------+-------+-------+-------++-------
Melee: Unarmed           |    60 |   134 |   344 |   345 ||   883
       Punch             |     1 |     3 |    12 |    18 ||    34
  Use: Scroll            |       |       |     5 |     2 ||     7
       Potion            |       |       |       |     4 ||     4
 Stab: Sleeping          |     1 |     3 |     5 |     6 ||    15
       Distracted        |       |       |     3 |     1 ||     4
       Invisible         |       |       |       |     3 ||     3
  Eat: Chunk             |    16 |    12 |    37 |    25 ||    90
Armor: Robe              |    21 |    40 |    65 |    51 ||   177
Dodge: Dodged            |    45 |    61 |   115 |   166 ||   387

Table legend:
 A = Spawn XP
 B = Non-spawn XP
 C = Spawn XP percentage of total XP
 D = Spawn monster count
 E = Non-spawn monster count
 F = Spawn count percentage of total count
 G = Total turns spent on level
                    A         B        C        D         E        F      G
               +---------+---------+-------+---------+---------+-------+---------
         Total |       0 |   17352 |   0.0 |       0 |     291 |   0.0 |  9316
               +---------+---------+-------+---------+---------+-------+---------
           D:1 |       0 |      31 |   0.0 |       0 |      16 |   0.0 |   686
           D:2 |       0 |      72 |   0.0 |       0 |      12 |   0.0 |   926
           D:3 |       0 |     383 |   0.0 |       0 |      40 |   0.0 |   781
           D:4 |       0 |     712 |   0.0 |       0 |      33 |   0.0 |   785
           D:5 |       0 |     546 |   0.0 |       0 |      25 |   0.0 |   653
           D:6 |       0 |    1058 |   0.0 |       0 |      27 |   0.0 |   928
           D:7 |       0 |     957 |   0.0 |       0 |      27 |   0.0 |   956
           D:8 |       0 |    1692 |   0.0 |       0 |      19 |   0.0 |  1191
           D:9 |       0 |    4638 |   0.0 |       0 |      46 |   0.0 |  1006
          D:10 |       0 |    7091 |   0.0 |       0 |      38 |   0.0 |  1156
         Sewer |       0 |     172 |   0.0 |       0 |       8 |   0.0 |   120
               +---------+---------+-------+---------+---------+-------+---------
